 Dungeon Crawl Stone Soup version 0.15.2 (webtiles) character file.

506 kae the Ruinous (level 7, -1/36 HPs)
             Began as a Tengu Fire Elementalist on Nov 3, 2014.
             Slain by an orc
             ... wielding a +0 mace
              (6 damage)
             ... on Level 5 of the Dungeon.
             The game lasted 00:08:55 (5866 turns).

kae the Ruinous (Tengu Fire Elementalist)           Turns: 5866, Time: 00:08:55

HP  -1/36        AC  2     Str  8      XL: 7   Next: 18%
MP  12/17        EV 12     Int 18      God:
Gold 300         SH  0     Dex 14      Spells:  3 memorised,  7 levels left

rFire  . . .     SeeInvis .     k - +2 dagger (speed)
rCold  + . .     Clarity  .     a - +0 robe
rNeg   . . .     rCorr    .     (no shield)
rPois  .         rRot     .     (helmet restricted)
rElec  .         Spirit   .     (no cloak)
SustAb .         Warding  .     (no gloves)
rMut   .         Stasis   .     (boots unavailable)
Gourm  .                        w - amulet of faith
MR     .....                    u - ring of flight
                                y - ring "Ikufruut" {+cTele rC+}

@: not resistant to hostile enchantments, unstealthy
A: able to fly, beak, talons 3
a: Fly, Evoke Flight, Evoke Teleport Control


You were on level 5 of the Dungeon.
You were near starving.

You visited 1 branch of the dungeon, and saw 5 of its levels.

You collected 300 gold pieces.

Inventory:

Hand weapons
 k - a +2 dagger of speed (weapon)
 r - a +2 spear of pain
Armour
 a - a +0 robe (worn)
Comestibles
 c - 5 bread rations
 d - 3 slices of pizza
 h - a beef jerky
 i - 3 royal jellies
 z - a chunk of bat flesh
Scrolls
 j - 2 scrolls of identify
 s - a scroll of recharging {unknown}
 t - a scroll of teleportation
 v - a scroll of amnesia {unknown}
 x - a scroll of enchant weapon {unknown}
Jewellery
 m - an uncursed amulet of warding
 u - a ring of flight (right hand)
 w - an amulet of faith (around neck)
 y - the ring "Ikufruut" (left hand) {+cTele rC+}
   (You found it on level 5 of the Dungeon)

   [ring of teleport control]

   It can be evoked for teleport control.
   It protects you from cold.
Potions
 e - a potion of beneficial mutation {unknown}
 f - a potion of resistance {unknown}
 g - 6 potions of curing
 l - 3 potions of agility {unknown}
 n - 2 potions of poison {unknown}
 o - a potion of magic {unknown}
 p - 2 potions of lignification {unknown}
 q - a potion of cancellation {unknown}
Books
 b - a book of Flames

   Spells                             Type                      Level
   *Flame Tongue                      Conjuration/Fire             1
   *Throw Flame                       Conjuration/Fire             2
   *Conjure Flame                     Conjuration/Fire             3
   Inner Flame                        Hexes/Fire                   3
   Sticky Flame                       Conjuration/Fire             4
   Fireball                           Conjuration/Fire             5


   Skills:
 - Level 2.1 Dodging
 - Level 2.0 Stealth
 + Level 3.7 Spellcasting
 * Level 6.1 Conjurations
 * Level 5.8 Fire Magic


You had 7 spell levels left.
You knew the following spells:

 Your Spells              Type           Power        Failure   Level  Hunger
a - Flame Tongue          Conj/Fire      ####.        1%          1    None
b - Throw Flame           Conj/Fire      ####..       1%          2    ##.....
c - Conjure Flame         Conj/Fire      ####....     4%          3    ###....


Dungeon Overview and Level Annotations

Branches:
Dungeon (5/15)
 Temple: D:4-7

Altars:
Sif Muna


Innate Abilities, Weirdness & Mutations

You can fly.
You have a beak for a mouth.
You have claws for feet.


Message History

Press: ? - help, Shift-Dir - straight line, f/p - big kobold zombie
Aim: a big kobold zombie The flame tongue hits the big kobold zombie.
You destroy the big kobold zombie!
Casting: Flame Tongue
Confirm with . or Enter, or press ? or * to list all spells.
Aiming: Flame Tongue
Press: ? - help, Shift-Dir - straight line, f - giant newt
Aim: a giant newt The flame tongue hits the giant newt.
You kill the giant newt!
The orc hits you with a mace.
* * * LOW HITPOINT WARNING * * *
Casting: Flame Tongue
Confirm with . or Enter, or press ? or * to list all spells.
Aiming: Flame Tongue
Press: ? - help, Shift-Dir - straight line, f - orc
Aim: an orc, wielding a mace The flame tongue misses the orc.
The orc hits you with a mace.
You die...

...##....#####............
.............+....>......#
#####......###.........#.#
..........#...##.###..#.#
..........#...##.# #..#.#
.....#............ #..#.#
....#..........?. #..#.#
...#........... #..#.# .
#..@........ ...#.#
.......o%........ #.#
...%........... #.#
............... #.#
...##.......... #.# ..
#......... #.# #........ .
#.# #....... ..##+##.# ...
#.........


You could see an orc.

Vanquished Creatures
  A scorpion (D:4)
  3 orc wizards (D:3)
  2 worker ants
  A big kobold zombie (D:5)
  Ijyb (D:3)
  Terence (D:3)
  6 gnolls
  A green rat (D:4)
  A giant mite (D:5)
  6 adders
  5 worms
  3 giant geckos
  9 orcs
  A ball python (D:3)
  4 giant cockroaches
  6 hobgoblins
  6 kobolds
  2 quokkas
  10 bats
  6 giant newts
  21 goblins
  A hobgoblin skeleton (D:4)
  6 jackals
  8 rats
111 creatures vanquished.

Notes
Turn   | Place    | Note
--------------------------------------------------------------
     0 | D:1      | kae, the Tengu Fire Elementalist, began the quest for the Orb.
     0 | D:1      | Reached XP level 1. HP: 10/10 MP: 3/3
   299 | D:1      | Reached XP level 2. HP: 4/15 MP: 1/5
  1085 | D:2      | Reached XP level 3. HP: 16/19 MP: 0/7
  1089 | D:2      | Learned a level 2 spell: Throw Flame
  1093 | D:2      | Learned a level 3 spell: Conjure Flame
  1307 | D:2      | Reached skill level 4 in Fire Magic
  1750 | D:3      | Reached XP level 4. HP: 6/24 MP: 1/9
  2482 | D:3      | Noticed Ijyb
  2501 | D:3      | Killed Ijyb
  2509 | D:3      | Reached XP level 5. HP: 25/28 MP: 0/12
  2777 | D:3      | Noticed Terence
  2799 | D:3      | Killed Terence
  3470 | D:3      | Found a deep blue altar of Sif Muna.
  3756 | D:3      | Reached skill level 5 in Fire Magic
  3756 | D:3      | Reached XP level 6. HP: 18/32 MP: 0/15
  4288 | D:4      | Reached skill level 5 in Conjurations
  5178 | D:4      | HP: 1/32 [green rat (10)]
  5191 | D:4      | Reached XP level 7. HP: 4/36 MP: 12/17
  5617 | D:5      | Entered Level 5 of the Dungeon
  5693 | D:5      | Got a scintillating pewter ring
  5710 | D:5      | Reached skill level 6 in Conjurations
  5711 | D:5      | Identified the ring "Ikufruut" {+cTele rC+} (You found it on level 5 of the Dungeon)
  5866 | D:5      | Slain by an orc

Action                   |  1- 3 |  4- 6 |  7- 9 || total
-------------------------+-------+-------+-------++-------
Melee: Unarmed           |    23 |       |       ||    23
       Dagger            |    22 |    84 |    22 ||   128
 Cast: Flame Tongue      |    52 |    98 |    13 ||   163
       Throw Flame       |     4 |    41 |     8 ||    53
       Conjure Flame     |       |     5 |       ||     5
  Use: Scroll            |       |     7 |       ||     7
       Potion            |       |     1 |       ||     1
 Stab: Sleeping          |     1 |     4 |       ||     5
  Eat: Chunk             |     3 |     9 |     1 ||    13
       Bread ration      |       |     1 |       ||     1
